 Dungeon Crawl Stone Soup version 0.32-a0-571-gec57dfcd37 (webtiles) character file.

Game seed: 3559426785169089551

69 BeKind the Shield-Bearer (level 4, -1/31 HPs)
             Began as an Octopode Fighter on Mar 1, 2024.
             Incinerated by a bombardier beetle (5 damage)
             ... with a burning spray
             ... on level 4 of the Dungeon.
             The game lasted 00:02:50 (1408 turns).

BeKind the Shield-Bearer (Octopode Fighter)         Turns: 1408, Time: 00:02:51

Health: -1/31      AC:  1    Str: 17    XL:     4   Next: 20%
Magic:  4/4        EV: 10    Int: 10    God:
Gold:   172        SH: 12    Dex: 11    Spells: 3/3 levels left

rFire   . . .        a - +0 trident
rCold   . . .        d - +0 tower shield
rNeg    + . .        (helmet currently unavailable)
rPois   .            (no amulet)
rElec   .            n - ring of positive energy
rCorr   .            (no ring)
SInv    .            (no ring)
Will    .....        (no ring)
Stlth   +            (no ring)
HPRegen 0.25/turn    (no ring)
MPRegen 0.09/turn    (no ring)
                     (no ring)

%: no passive effects
@: mighty, on fire, beast-form, glowing
A: beast (slay +0), almost no armour, amphibious, 8 rings, camouflage 1,
gelatinous body 1, (nimble swimmer 1), tentacles
a: Begin Untransformation


You were on level 4 of the Dungeon.
You were a hulking beast.
You visited 1 branch of the dungeon, and saw 5 of its levels.

You collected 172 gold pieces.

Inventory:

Hand Weapons
 a - a +0 trident (weapon)
Armour
 b - a +0 buckler
 d - a +0 tower shield (worn)
 f - a +0 cloak
Jewellery
 n - a ring of positive energy (left tentacle)
Talismans
 q - a beast talisman (active)
Wands
 o - a wand of polymorph (13)
Scrolls
 e - a scroll of amnesia {unknown}
 g - a scroll of identify {unknown}
 h - a scroll of revelation {unknown}
 k - a scroll of vulnerability {unknown}
 l - 3 scrolls of brand weapon {unknown}
 m - a scroll of poison {unknown}
Potions
 i - 2 potions of degeneration {unknown}
 j - 2 potions of lignification {unknown}
 p - a potion of mutation {unknown}


   Skills:
 - Level 3.0 Fighting
 + Level 2.9 Polearms
 - Level 3.0 Dodging
 * Level 4.3 Shields


You had 3 spell levels left.
You didn't know any spells.
Your spell library contained the following spells:

 Spells                   Type           Power      Damage    Failure   Level
 Shock                    Conj/Air       0%         1d3       98%         1
 Swiftness                Air            0%         N/A       100%        3
 Airstrike                Air            0%         2d(0-16)  100%        4


Dungeon Overview and Level Annotations

Branches:
Dungeon (5/15)
 Temple: D:4-7

Altars:

Shops:
D:5 *


Innate Abilities, Weirdness & Mutations

You are a hulking beast.
Your limbs bulge with bestial killing power. (Slay +0)
You cannot wear most types of armour.
You are amphibious.
You can wear up to eight rings at the same time.
Your skin changes colour to match your surroundings (Stealth+).
Your rubbery body absorbs attacks. (AC +1, EV +1)
((You are camouflaged when in or above water. (Stealth+)))
You have tentacles for arms and can constrict up to eight enemies at once.


Message History

The orc hits you with a +0 whip. The goblin hits you with a +0 club.
You block the orc's attack.
You hit the orc but do no damage. You grab the orc. You squeeze the orc.
You kill the orc!
The goblin hits you with a +0 club.
You hit the goblin. You grab the goblin. You squeeze the goblin.
You kill the goblin!
No target in view!
No target in view!
A bombardier beetle comes into view.
Found a spear and a book of Displacement.
Found 5 stones.
The bombardier beetle sprays incendiary fluid at you.
The burning spray hits you.
You are covered in liquid fire!
You shake off some of the fire as you move.
The liquid fire burns you!
You reach to attack!
You hit the bombardier beetle.
The bombardier beetle is lightly wounded.
The liquid fire burns you!
You hit the bombardier beetle. Your grab misses the bombardier beetle.
The bombardier beetle is lightly wounded.
The liquid fire burns you! The bombardier beetle bites you.
You are too injured to fight recklessly!
You are too injured to fight recklessly!
You are too injured to fight recklessly!
Okay, then.
You feel very mighty all of a sudden. The liquid fire burns you!
The bombardier beetle bites you but does no damage.
You puncture the bombardier beetle! Your grab misses the bombardier beetle.
The bombardier beetle is heavily wounded.
The liquid fire burns you!
* * * LOW HITPOINT WARNING * * *
You block the bombardier beetle's attack.
You puncture the bombardier beetle!
You kill the bombardier beetle!
The liquid fire burns you!
You die...

###..### ###.##
####...# #.....##
.####+########...#.#
.(..........##.###.#
#........$.(#..# #.#
#.:......#..# #'#
#...h.......# ...
#.........#.# ...
#.).......#.# ...
######...>..#
####))...#
...........
#...........
#............
#............


There were no monsters in sight!

Vanquished Creatures
  A bombardier beetle (D:4)
  3 adders
  2 orcs (D:4)
  4 ball pythons
  2 bats (D:1)
  5 endoplasms
  2 giant cockroaches
  7 goblins
  2 jackals (D:1)
  A frilled lizard (D:2)
  6 kobolds
  3 rats
38 creatures vanquished.

Notes
Turn   | Place    | Note
-------+----------+-------------------------------------------
     0 | D:1      | BeKind the Octopode Fighter began the quest for the Orb.
     0 | D:1      | Reached XP level 1. HP: 16/16 MP: 1/1
   293 | D:1      | Reached XP level 2. HP: 21/21 MP: 2/2
   456 | D:2      | Reached XP level 3. HP: 21/26 MP: 3/3
   913 | D:2      | Reached skill level 4 in Shields
  1075 | D:3      | You fall into a shaft and drop 2 floors!
  1075 | D:5      | Entered Level 5 of the Dungeon
  1117 | D:5      | Found Tiviyfelaxt's Assorted Antiques.
  1218 | D:4      | Reached XP level 4. HP: 9/31 MP: 4/4
  1408 | D:4      | Incinerated by a bombardier beetle

Illustrated notes

Levels and vault maps discovered:
D:1:      dpeg_arrival_orchard, layout_rooms, amcnicky_mini_pool_small
D:2:      layout_loops_ring
D:3:      layout_basic, hellmonk_ecumenical_altar_pennies_from_heaven,
          nicolae_wormholes, uniq_pargi
D:4:      layout_basic, chequers_temple_overflow_statue_of_worship
D:5:      layout_loops_cross, nicolae_vehumet_altar_sigil, serial_shops, shop,
          dreamdust_wishing_well

Skill      XL: |  1  2  3 |
---------------+----------+-----
Shields        | 4 |  4.3
Fighting       | |  3.0
Polearms       | |  2.9
Dodging        | |  3.0

Action                     |  1- 3 |  4- 6 || total
---------------------------+-------+-------++-------
  Melee: Trident           |    60 |    14 ||    74
         Constrict         |    12 |     2 ||    14
         Tentacles         |     9 |     4 ||    13
    Use: Potion            |       |     1 ||     1
   Stab: Sleeping          |     8 |       ||     8
 Armour: Skin              |    19 |     7 ||    26
  Dodge: Dodged            |    13 |     1 ||    14
  Block: Tower shield      |    25 |     6 ||    31
   Form: Beast             |       |     1 ||     1

Table legend: (Time is in decaauts)
 A = Elapsed time spent in this place.
 B = Non-inter-level travel time spent in this place.
 C = Inter-level travel time spent in this place.
 D = Time resting spent in this place.
 E = Time spent auto-exploring this place.
 F = Levels seen in this place.
 G = Mean time per level.
                   A        B        C        D        E       F      G
               +--------+--------+--------+--------+--------+-----+--------+
         Total |   1445 |   1320 |    125 |      0 |   1023 |   5 |  289.0 |
       Dungeon |   1445 |   1320 |    125 |      0 |   1023 |   5 |  289.0 |
               +--------+--------+--------+--------+--------+-----+--------+

Top non-repeatable levels by time:
     D:2: 632 daAuts
     D:1: 430 daAuts
     D:4: 287 daAuts
     D:5: 56 daAuts
     D:3: 37 daAuts
